[Event "CZE-ch Open 2019"]
[Site "Ostrava"]
[Date "2019.04.30"]
[Round "4.32"]
[White "Bartos, Jan"]
[Black "Holy, Filip"]
[Result "1/2-1/2"]
[ECO "D15"]
[WhiteElo "2178"]
[BlackElo "2096"]
[Annotator "NA"]
[PlyCount "70"]
[EventDate "2019.04.27"]
[EventType "swiss"]
[EventCountry "CZE"]
[SourceTitle "playchess.com"]
[Source "ChessBase"]
[SourceQuality "1"]
[TimeControl "40/5400+30:1800+30"]

1. d4 d5 2. c4 c6 3. Nf3 Nf6 4. Nc3 a6 5. e3 b5 6. b3 Bg4 7. Be2 Nbd7 8. h3 Bh5 9. g4 Bg6 10. Ne5 Nxe5 11. dxe5 Ne4 12. Nxe4 Bxe4 13. f3 Bg6 14. e6 Qd6 15. exf7+ Bxf7 16. cxd5 cxd5 17. Bb2 Qg3+ 18. Kf1 e5 19. Bc3 e4 20. Be1 Qb8 21. Kg2 Bc5 22. Bc3 O-O 23. Bd4 exf3+ 24. Bxf3 Be7 25. Qd2 Bh4 26. Rhf1 Qg3+ 27. Kh1 Qxh3+ 28. Qh2 Qxh2+ 29. Kxh2 Be6 30. Rac1 Rac8 31. Kg2 Be7 32. Rfd1 Ba3 33. Rc3 Rxc3 34. Bxc3 Rc8 35. Rd3 Kf7 1/2-1/2

[Event "CZE-ch Open 2019"]
[Site "Ostrava"]
[Date "2019.04.30"]
[Round "4.33"]
[White "Horak, Jan"]
[Black "Vanek, Tomas"]
[Result "0-1"]
[ECO "B23"]
[WhiteElo "2158"]
[BlackElo "2095"]
[Annotator "NA"]
[PlyCount "88"]
[EventDate "2019.04.27"]
[EventType "swiss"]
[EventCountry "CZE"]
[SourceTitle "playchess.com"]
[Source "ChessBase"]
[SourceQuality "1"]
[TimeControl "40/5400+30:1800+30"]

1. e4 c5 2. Nc3 Nc6 3. f4 g6 4. Nf3 Bg7 5. g3 e6 6. Bg2 Nge7 7. O-O O-O 8. d3 d5 9. e5 a6 10. g4 b5 11. h3 f6 12. exf6 Bxf6 13. Re1 b4 14. Ne2 Qb6 15. Kh1 Bd7 16. Neg1 a5 17. Ne5 Nxe5 18. fxe5 Bg7 19. Nf3 Nc6 20. Bg5 a4 21. Qd2 a3 22. b3 Rxf3 23. Bxf3 Nxe5 24. Bg2 Nf7 25. Be3 Bxa1 26. Rxa1 Rc8 27. Rf1 Qd6 28. Qf2 Qe7 29. d4 c4 30. h4 cxb3 31. cxb3 Bb5 32. Re1 Rc2 33. Qg3 Bd7 34. h5 Rxa2 35. Rf1 Rc2 36. hxg6 hxg6 37. Bg1 Rc3 38. Qf2 Bb5 39. Re1 Nd6 40. Bxd5 Qh7+ 41. Bh2 exd5 42. Qf6 Ne8 43. Qd8 Qf7 44. Qb8 Be2 0-1